AoeStats
← CaptainThomas

Golden Pit

503265988Analyzed
1v1 RM · 1mo ago on Aug 30, 2026· 53m 8s· 2 players
Game mode
Random Map
Map size
Tiny (2 player)
Population
200
Speed
Normal
Resources
Standard
Victory
Conquest
Starting age
Dark Age
Ending age
Imperial Age
RankedLock teamsTeams togetherTeam positionsShared explorationLock speedFull tech treeHidden civsTurbo modeCheats
Victory
Defeat
🇺🇸 Chinese · United States
1772
+12
🇫🇷 Franks · France
1692
-12
CaptainThomas
9:02 Loom
10:53 Feudal Age
10:01 Loom
15:21 Castle Age
13:59 Double-Bit Axe
15:50 Gold Mining
17:29 Scale Barding Armor
20:17 Forging
21:01 Wheelbarrow
21:22 Husbandry
24:34 Forging
25:57 Gold Mining
26:52 Chain Barding Armor
33:09 Imperial Age
33:49 Iron Casting
33:38 Cavalier
35:44 Plate Barding Armor
35:34 Bow Saw
35:45 Stone Mining
37:53 Blast Furnace
37:58 Scale Mail Armor
37:51 Elite Throwing Axeman
39:46 Chain Mail Armor
40:36 Gold Shaft Mining
41:15 Plate Mail Armor
40:53 Squires
41:57 Paladin
45:00 Hand Cart
48:10 Crossbowman
48:48 Fletching
48:58 Padded Archer Armor
48:31 Paladin
49:34 Bodkin Arrow
49:03 Elite Skirmisher
50:09 Conscription
50:41 Leather Archer Armor
50:49 Paladin
53:18 Chemistry
ITzMfMiyagi
0:27 Loom
8:51 Feudal Age
9:54 Horse Collar
19:11 Castle Age
18:17 Gold Mining
18:29 Fletching
19:42 Bloodlines
20:54 Double-Bit Axe
24:15 Husbandry
25:22 Bodkin Arrow
26:05 Ballistics
27:21 Thumb Ring
30:35 Wheelbarrow
31:01 Gold Shaft Mining
33:10 Squires
36:01 Imperial Age
33:31 Stone Mining
33:56 Scale Mail Armor
33:56 Padded Archer Armor
34:39 Forging
35:18 Chain Mail Armor
35:17 Forging
35:33 Leather Archer Armor
35:34 Masonry
36:20 Bow Saw
36:47 Bracer
37:35 Plate Mail Armor
37:31 Elite Fire Lancer
39:09 Conscription
40:44 Two-Man Saw
41:27 Iron Casting
46:51 Chemistry
47:40 Hand Cart
47:10 Town Watch
48:42 Heavy Cavalry Archer
50:15 Stone Shaft Mining
49:32 Arson
51:16 Blast Furnace
51:13 Leather Archer Armor
51:41 Town Patrol
52:30 Ring Archer Armor
Connection lost

Rejoining the realm…

Still unreachable

The connection could not be restored.

Session expired

The server has moved on; the page needs a fresh start.